 Dungeon Crawl Stone Soup version 0.30-a0-6-g7c9e10e132 (webtiles) character file.

Game seed: 9417423995866943391

7 siradein the Trooper (level 1, -2/18 HPs)
             Began as a Demonspawn Fighter on Aug 22, 2022.
             Frozen to death by an endoplasm (5 damage)
             ... on level 1 of the Dungeon on Aug 23, 2022.
             The game lasted 00:00:31 (140 turns).

siradein the Trooper (Demonspawn Fighter)            Turns: 140, Time: 00:00:32

Health: -2/18      AC:  6    Str: 16    XL:     1   Next: 83%
Magic:  1/1        EV:  8    Int:  9    God:
Gold:   15         SH:  4    Dex: 12    Spells: 0/0 levels left

rFire   . . .      SeeInvis .    a - +0 trident
rCold   . . .      Faith    .    c - +0 buckler
rNeg    . . .      Spirit   .    b - +0 scale mail
rPois   .          Reflect  .    (no helmet)
rElec   .          Harm     .    (no cloak)
rCorr   .          Rampage  .    (no gloves)
Will    .....                    (no boots)
Stlth   ..........               (no amulet)
HPRegen 0.06/turn                (no ring)
MPRegen 0.07/turn                (no ring)

@: no status effects
A: no striking features
a: no special abilities


You were on level 1 of the Dungeon.
You visited 1 branch of the dungeon, and saw 1 of its levels.

You collected 15 gold pieces.

Inventory:

Hand Weapons
 a - a +0 trident (weapon)
Armour
 b - a +0 scale mail (worn)
 c - a +0 buckler (worn)
Potions
 d - a potion of might
 e - a potion of resistance {unknown}


   Skills:
 + Level 3.1 Fighting
 + Level 2.0 Polearms
 - Level 2.6 Armour
 + Level 2.8 Shields


You couldn't memorise any spells.
You didn't know any spells.
Your spell library contained the following spells:

 Spells                   Type           Power      Damage    Failure   Level
 Freezing Cloud           Conj/Ice/Air   0%         6-21      100%        5
 Simulacrum               Ice/Necr       0%         N/A       100%        6
 Polar Vortex             Ice            0%         N/A       100%        9


Dungeon Overview and Level Annotations

Branches:
Dungeon (1/15)

Altars:


Message History

You now have 14 gold pieces.
You now have 15 gold pieces (gained 1).
Found a stone staircase leading down.
A frilled lizard and an endoplasm come into view.
The endoplasm quivers.
There are monsters nearby!
You reach to attack!
You closely miss the frilled lizard. You barely miss the frilled lizard.
The endoplasm hits you.
The frilled lizard bites you but does no damage. x2
The endoplasm hits you but does no damage.
You barely miss the frilled lizard.
The frilled lizard bites you but does no damage.
The endoplasm freezes you.
You are frozen.
You miss the frilled lizard. You block the frilled lizard's attack.
The endoplasm freezes you.
You are frozen.
You miss the frilled lizard.
The frilled lizard bites you but does no damage.
The endoplasm barely misses you.
You puncture the frilled lizard!
You kill the frilled lizard!
You block the endoplasm's attack.
The endoplasm hits you but does no damage.
You hit the endoplasm.
The endoplasm is heavily wounded.
The endoplasm freezes you.
You are frozen.
You are too injured to fight recklessly!
You are too injured to fight recklessly!
You barely miss the endoplasm.
The endoplasm is heavily wounded.
The endoplasm freezes you.
You are frozen.
* * * LOW HITPOINT WARNING * * *
You hit the endoplasm.
The endoplasm is severely wounded.
The endoplasm freezes you.
You are frozen.
You die...

# #.. .# . #.. #.# ##
#... #.# . ##... #.##.#
# #..... #.##.# ###
#.....##.##.# #..
#........##.###########.
#.....J@.##>............
####........##.######.#.
......................#.
####...............##...
#....#...###....##.#.
#....#...# ####..#.#.
######...# #..#.#. #...#
#....#. #.### #.#..#


You could see an endoplasm.

Vanquished Creatures
  A bat (D:1)
  An endoplasm (D:1)
  A goblin (D:1)
  2 ball pythons (D:1)
  A frilled lizard (D:1)
6 creatures vanquished.

Notes
Turn   | Place    | Note
-------+----------+-------------------------------------------
     0 | D:1      | siradein the Demonspawn Fighter began the quest for the
                  | Orb.
     0 | D:1      | Reached XP level 1. HP: 18/18 MP: 1/1
   140 | D:1      | Frozen to death by an endoplasm

Illustrated notes

Levels and vault maps discovered:
D:1:      psy_arrival_whirlpool, layout_basic, chequers_big_river

Skill      XL: |  1 |
---------------+----+-----
Polearms       | 2 |  2.0
Fighting       | |  3.1
Armour         | |  2.6
Shields        | |  2.8

Action                   || total
-------------------------++-------
Melee: Trident           ||    22
Armor: Scale mail        ||     9
Dodge: Dodged            ||     6
Block: Buckler           ||     5

Table legend: (Time is in decaauts)
 A = Elapsed time spent in this place.
 B = Non-inter-level travel time spent in this place.
 C = Inter-level travel time spent in this place.
 D = Time resting spent in this place.
 E = Time spent auto-exploring this place.
 F = Levels seen in this place.
 G = Mean time per level.
                   A        B        C        D        E       F      G
               +--------+--------+--------+--------+--------+-----+--------+
         Total |    146 |    146 |      0 |      0 |    100 |   1 |  146.0 |
       Dungeon |    146 |    146 |      0 |      0 |    100 |   1 |  146.0 |
               +--------+--------+--------+--------+--------+-----+--------+

Top non-repeatable levels by time:
     D:1: 146 daAuts
